Map: Acid Plant LE

Players

Kozan

  • Race: Terran Terran
  • Spawn Location: 5:00

Stephano - Winner!

  • Race: Zerg Zerg
  • Spawn Location: 11:00

Event: WCS Montreal 2018

VOD

Have the link to the VOD?

Description

Time

  • Played on: Sept. 7, 2018, 2:57 p.m.
  • Length: 9:28

All games in this series

Show
View Real Time Build Order
Export as new Build Order

Kozan Terran 

Build Orders: Hellion Opening, Reaper Expand, MMM Bio 

Get SALT Encoding   

  12  0:01  SCV  
  13  0:13  SCV  
  14  0:17  Supply Depot  
  14  0:25  SCV  
  15  0:39  SCV  
  15  0:40  Barracks  
  16  0:45  Refinery  
  16  0:51  SCV  
  17  1:03  SCV  
  18  1:15  SCV  
  19  1:28  Reaper, Orbital Command  
  20  1:41  Command Center  
  20  1:50  Supply Depot  
  20  1:54  SCV  
  20  2:00  Marine  
  22  2:04  Factory  
  22  2:08  SCV  
  23  2:11  Refinery  
  23  2:20  SCV  
  23  2:21  Barracks Reactor  
  24  2:33  SCV  
  25  2:45  SCV  
  26  2:53  Starport  
  26  2:54  Orbital Command  
  26  2:57  SCV  
  27  3:03  Hellion x2  
  31  3:09  SCV  
  31  3:11  Supply Depot  
  31  3:12  Barracks Tech Lab  
  32  3:21  SCV  
  32  3:24  Hellion x2  
  37  3:28  SCV  
  37  3:33  SCV  
  39  3:36  Medivac  
  39  3:37  Stimpack, Marine  
  39  3:41  SCV  
  42  3:45  SCV, Supply Depot  
  43  3:49  Hellion  
  43  3:53  SCV, Hellion  
  48  3:57  SCV  
  49  4:06  Viking  
  49  4:08  SCV  
  53  4:10  SCV  
  53  4:22  Command Center  
  53  4:23  SCV x2  
  55  4:29  Supply Depot  
  55  4:35  SCV x2  
  55  4:36  Factory Tech Lab  
  55  4:37  Barracks  
  57  4:45  Starport Reactor  
  57  4:47  SCV x2  
  57  4:50  Barracks  
  59  4:59  SCV x2  
  59  5:08  Marine  
  59  5:10  Siege Tank  
  59  5:11  SCV x2  
  65  5:14  Engineering Bay, Refinery x2  
  65  5:15  Engineering Bay  
  63  5:23  SCV x2  
  63  5:25  Marine x2  
  67  5:35  SCV x2, Marine, Orbital Command  
  69  5:36  Starport Reactor  
  69  5:42  Terran Infantry Armor Level 1, Terran Infantry Weapons Level 1, Supply Depot  
  70  5:44  Supply Depot  
  70  5:47  SCV x2, Marine x4  
  70  5:48  Combat Shields, Siege Tank  
  79  5:55  Marine  
  80  5:59  SCV  
  82  6:04  SCV, Marine  
  82  6:05  Orbital Command  
  82  6:07  Marine x3  
  86  6:11  SCV  
  86  6:13  Marine  
  86  6:15  Medivac x2  
  86  6:17  Barracks  
  92  6:19  Barracks  
  92  6:21  SCV  
  92  6:22  Marine  
  92  6:24  SCV  
  95  6:25  Marine x2  
  95  6:26  Marine  
  95  6:30  Siege Tank  
  101  6:39  SCV x3  
  104  6:41  Marine  
  104  6:42  Supply Depot  
  104  6:43  Supply Depot  
  105  6:50  Marine  
  105  6:51  SCV x3  
  105  6:52  Marine  
  105  6:53  Marine x2  
  107  7:00  Supply Depot  
  107  7:01  Supply Depot  
  107  7:02  Marine  
  107  7:03  SCV, Armory  
  107  7:04  SCV  
  107  7:06  Siege Tank  
  107  7:07  Barracks Reactor  
  113  7:13  SCV  
  113  7:15  SCV, Marine x3  
  116  7:16  Barracks Reactor  
  116  7:17  SCV  
  119  7:25  SCV  
  119  7:27  Marine x2  
  119  7:28  Medivac, SCV  
  119  7:29  SCV  
  126  7:33  Marine  
  125  7:37  SCV  
  125  7:38  Supply Depot x2  
  125  7:40  SCV  
  125  7:42  SCV  
  118  7:58  Marauder, Marine x6  
  100  7:59  Medivac x2, Siege Tank  
  100  8:03  Marine x2  
  104  8:14  SCV  
  104  8:15  Marine  
  104  8:16  Marine x3  
  104  8:17  Marine x2  
  104  8:19  Marine  
  102  8:21  Marine  
  89  8:30  Marine  
  89  8:32  Orbital Command  
  89  8:33  SCV, Marine x2  
  89  8:34  Marine x2  
  87  8:38  Marauder  
  83  8:47  Marine x3  
  84  8:48  Marine  
  84  8:51  Marine x2  
  84  8:53  SCV  
  84  8:55  SCV  
  74  8:57  SCV  
  74  9:01  Marine  
  72  9:03  Marine x2  
  72  9:05  SCV, Marine  
  72  9:07  SCV  
Show
View Real Time Build Order
Export as new Build Order

Stephano Zerg - Winner!

Build Orders: Hatch First 

Get SALT Encoding   

  12  0:00  Drone  
  13  0:12  Overlord  
  13  0:17  Drone  
  14  0:30  Drone x2  
  16  0:48  Hatchery  
  15  0:51  Drone  
  15  0:55  Drone  
  17  0:59  Drone  
  18  1:09  Extractor  
  17  1:14  Spawning Pool  
  17  1:17  Drone  
  17  1:20  Drone  
  18  1:30  Drone  
  19  1:41  Drone  
  20  1:54  Drone  
  20  2:01  Queen x2  
  23  2:02  Zergling x4  
  27  2:13  Overlord  
  27  2:16  Drone  
  28  2:23  Hatchery  
  27  2:31  Drone  
  27  2:33  Drone  
  27  2:35  Metabolic Boost  
  27  2:36  Drone  
  30  2:43  Queen  
  32  2:47  Drone  
  32  2:49  Drone  
  34  2:52  Drone  
  34  2:58  Overlord  
  35  3:00  Drone  
  36  3:16  Drone x2  
  36  3:17  Drone x4  
  36  3:19  Queen  
  44  3:29  Overlord  
  44  3:36  Drone x4  
  44  3:38  Queen  
  50  3:43  Overlord  
  50  3:48  Zergling x2  
  50  3:49  Zergling x6  
  50  3:52  Drone  
  50  3:53  Drone x2  
  57  3:58  Drone  
  57  4:01  Queen  
  60  4:03  Spore Crawler  
  60  4:07  Drone x4  
  63  4:11  Spore Crawler  
  63  4:12  Drone  
  63  4:17  Evolution Chamber  
  63  4:19  Evolution Chamber  
  63  4:23  Drone  
  63  4:24  Drone  
  63  4:25  Spore Crawler, Drone  
  63  4:28  Zergling x4  
  63  4:29  Drone  
  66  4:36  Overlord  
  66  4:47  Overlord  
  66  4:49  Zerg Ground Armor Level 1, Overlord, Zerg Melee Weapons Level 1  
  66  4:56  Evolution Chamber  
  65  5:03  Drone x3  
  66  5:08  Overlord  
  66  5:10  Overlord  
  66  5:11  Drone x10  
  76  5:17  Overlord  
  76  5:20  Extractor x2  
  74  5:30  Drone x2, Lair  
  74  5:32  Hatchery  
  75  5:35  Hatchery  
  74  5:46  Extractor, Drone x5  
  74  5:47  Baneling Nest  
  77  5:50  Drone x2  
  77  5:51  Drone x2  
  81  6:09  Zergling x2  
  81  6:10  Zergling x12  
  88  6:20  Zergling x18  
  97  6:30  Drone, Centrifical Hooks  
  97  6:32  Drone x2  
  100  6:38  Drone x2  
  102  6:46  Zerg Melee Weapons Level 2, Zerg Ground Armor Level 2  
  102  6:48  Drone x5  
  102  6:49  Drone x3  
  108  6:56  Baneling x5  
  108  7:00  Overlord  
  108  7:01  Overlord  
  108  7:02  Overlord x2  
  108  7:07  Zergling x16  
  116  7:09  Baneling x6  
  116  7:11  Overlord  
  116  7:12  Overlord  
  116  7:20  Zergling x14  
  122  7:25  Zergling x2  
  122  7:28  Zergling x8  
  122  7:29  Baneling x8  
  125  7:30  Zergling x4  
  125  7:33  Zergling x2  
  125  7:36  Zergling x12  
  134  7:42  Zergling x12  
  126  7:53  Zergling x2  
  126  7:54  Zergling x12  
  120  7:59  Zergling x6  
  120  8:01  Infestation Pit  
  122  8:06  Zergling x20  
  130  8:15  Hatchery, Zergling x12  
  130  8:28  Zergling x16  
  130  8:33  Queen  
  133  8:36  Zergling x16  
  133  8:40  Zergling x8  
  132  8:47  Zergling x6  
  133  8:55  Baneling x15  
  132  8:59  Zergling x18  
  140  9:07  Zergling x18  
  149  9:10  Baneling x16  
Tags
 
Add a new tag
Caveats
  • Supply blocks, unpowered buildings, or Contaminate may cause inaccurate times.
  • Supply counts are checked every 10 seconds.